 Dungeon Crawl Stone Soup version 0.32-a0-961-gd60f5e5fc7 (webtiles) character file.

Game seed: 8719561173418260936

21497 Oneirical the Nimble (level 12, -2/94 HPs)
             Began as a Felid Alchemist on Apr 17, 2024.
             Was a High Priest of Sif Muna.
             Hit by a large rock thrown by a cyclops (14 damage)
             ... on level 2 of the Orcish Mines.
             The game lasted 00:22:35 (14780 turns).

Oneirical the Nimble (Felid Alchemist)             Turns: 14780, Time: 00:22:36

Health: -2/94      AC: 26    Str:  2    XL:     12   Next: 54%
Magic:  6/26       EV:  4    Int: 23    God:    Sif Muna [*****.]
Gold:   838        SH:  0    Dex: 18    Spells: 21/29 levels left
                                        Lives:  0   Deaths: 4

rFire   . . .        (weapon unavailable)
rCold   + . .        (shield unavailable)
rNeg    + . .        (body armour unavailable)
rPois   +            (helmet unavailable)
rElec   .            (cloak unavailable)
rCorr   .            (gloves unavailable)
SInv    +            (boots unavailable)
Will    +....        (no amulet)
Stlth   ++           a - ring of protection from cold
HPRegen 0.35/turn    p - ring of positive energy
MPRegen 0.20/turn

%: no passive effects
@: brilliant, tree-form, radiating poison, on berserk cooldown, hasted and
slowed
A: stationary, stasis, torment immunity, boosted hp, very small, (claws 1),
(fangs 3), see invisible, (shaggy fur 3), (stealthy paws), no weapons or thrown
items, no armour, multi-lived, (iridescent scales 1), weak 1
a: Renounce Religion, Channel Magic, Forget Spell, Divine Exegesis


You were on level 2 of the Orcish Mines.
You worshipped Sif Muna.
Sif Muna was extremely pleased with you.
You were a tree.
You visited 3 branches of the dungeon, and saw 13 of its levels.
You also visited: Bailey.

You collected 838 gold pieces.

Inventory:

Jewellery
 a - a ring of protection from cold (left branch)
 p - a ring of positive energy (right branch)
 s - a ring of positive energy
Scrolls
 b - 2 scrolls of revelation
 c - 6 scrolls of teleportation
 h - a scroll of vulnerability
 j - a scroll of amnesia
 n - 2 scrolls of enchant armour
 o - a scroll of enchant weapon
 x - a scroll of immolation
Potions
 d - 2 potions of cancellation
 e - 7 potions of enlightenment
 g - 2 potions of brilliance
 u - a potion of berserk rage
 z - a potion of mutation
Miscellaneous
 v - a phantom mirror
 A - a Gell's gravitambourine (inert)


   Skills:
 - Level 7.0 Fighting
 - Level 10.0 Dodging
 - Level 2.6 Stealth
 - Level 9.0 Spellcasting
 - Level 1.0 Conjurations
 - Level 5.0 Fire Magic
 + Level 6.3 Ice Magic
 + Level 6.3 Earth Magic
 - Level 8.0 Alchemy
 - Level 8.0 Invocations


You had 21 spell levels left.
You knew the following spells:

 Your Spells              Type           Power      Damage    Failure   Level
b - Olgreb's Toxic Radia  Alch           63%        N/A       2%          4
c - Sticky Flame          Fire/Alch      57%        2d10      4%          4

Your spell library contained the following spells:

 Spells                   Type           Power      Damage    Failure   Level
 Sandblast                Erth           100%       2d20      1%          1
 Sting                    Conj/Alch      100%       1d9       1%          1
 Mercury Vapours          Alch/Air       86%        N/A       1%          2
 Frozen Ramparts          Ice            100%       1d16      1%          3
 Ozocubu's Armour         Ice            56%        N/A       1%          3
 Passwall                 Erth           56%        N/A       1%          3
 Ensorcelled Hibernation  Hex/Ice        74%        N/A       2%          2
 Shock                    Conj/Air       72%        1d7       4%          1
 Hailstorm                Conj/Ice       40%        3d9       4%          3
 Stone Arrow              Conj/Erth      82%        3d12      4%          3
 Summon Ice Beast         Ice/Summ       37%        N/A       4%          3
 Mephitic Cloud           Conj/Alch/Air  36%        N/A       5%          3
 Necrotise                Necr           60%        1d7       6%          1
 Slow                     Hex            60%        N/A       6%          1
 Dazzling Flash           Conj/Hex       36%        N/A       16%         3
 Confusing Touch          Hex            15%        N/A       19%         3
 Fugue of the Fallen      Necr           15%        N/A       19%         3
 Sigil of Binding         Hex            15%        N/A       19%         3
 Swiftness                Air            15%        N/A       19%         3
 Vampiric Draining        Necr           15%        2d7       19%         3
 Metabolic Englaciation   Hex/Ice        18%        N/A       43%         5
 Sculpt Simulacrum        Ice/Alch       30%        N/A       45%         6
 Airstrike                Air            7%         2d(2-18)  52%         4
 Anguish                  Hex/Necr       7%         N/A       52%         4
 Cause Fear               Hex            7%         N/A       52%         4
 Martyr's Knell           Necr/Summ      15%        N/A       52%         4
 Freezing Cloud           Conj/Ice/Air   16%        6-21      54%         5
 Permafrost Eruption      Ice/Erth       28%        2x4d7     56%         6
 Arcjolt                  Conj/Air       9%         1d19      80%         5
 Curse of Agony           Necr           15%        N/A       86%         5
 Silence                  Hex/Air        7%         N/A       86%         5
 Enfeeble                 Hex            7%         N/A       100%        7
 Chain Lightning          Conj/Air       9%         3d12      100%        9


Dungeon Overview and Level Annotations

Branches:
Dungeon (10/15)            Temple (1/1) D:6            Lair (0/5) D:9
    Orc (1/2) D:10         Bailey (visited)

Altars:
Ashenzari
Cheibriados
Dithmenos
Elyvilon
Fedhas
Gozag
Hepliaklqana
Kikubaaqudgha
Makhleb
Nemelex Xobeh
Okawaru
Qazlal
Ru
Sif Muna
Trog
Uskayaw
Vehumet
Wu Jian
Xom
Yredelemnul
Zin
The Shining One
Beogh

Shops:
Orc:2 [

Annotations:
D:3 THTSBRD's ghost, amateur FoHu
D:7 2 transporters, NotBatman's ghost, novice OpFi


Innate Abilities, Weirdness & Mutations

You are a tree.
Your roots penetrate the ground, keeping you stationary.
You cannot be teleported.
You are immune to unholy pain and torment.
Your maximum health is greatly increased.
((You have sharp claws.))
((You have razor-sharp teeth.))
You have supernaturally acute eyesight. (SInv)
((Your thick and shaggy fur keeps you warm. (AC +3, rC+)))
((Your paws help you pounce on unaware monsters.))
You are incapable of wielding weapons or throwing items.
You cannot wear armour.
You gain extra lives every three experience levels.
((You are partially covered in iridescent scales. (AC +2)))
You are weak. (Str -2)


Message History

Okay, then.
Okay, then.
As you read the scroll labelled YLICOF UNOREDGHUSA, it crumbles to dust.
Okay, then.
It was a scroll of summoning.
Your toxic aura wanes.
As you read the scroll of identify, it crumbles to dust.
n - 2 scrolls of enchant armour
As you read the scroll labelled SOOXIXZ LOAJE, it dissolves into smoke.
It was a scroll of fog.
As you read the scroll labelled OWUEKK YRIO, it crumbles to dust.
It is a scroll of enchant weapon.
You aren't carrying any weapons that can be enchanted.
As you read the scroll labelled DOMPAO CEPT, it crumbles to dust.
You hear a loud clanging noise!
It was a scroll of noise.
You hear a shout! x4; You hear two shouts!
You hear a shout! x2
You hear a howl!
A cyclops comes into view.
As you read the scroll labelled MEDGHUEDOO, it crumbles to dust.
The creatures around you are filled with an inner flame!
It was a scroll of immolation.
The cyclops is poisoned.
Casting: Olgreb's Toxic Radiance (dangerous; 2% risk of failure)
Confirm with . or Enter, or press ? or * to list all spells.
You feel a surge of power!
You begin to radiate toxic energy.
Flame seeps out of the cyclops.
The cyclops looks even sicker.
Flame seeps out of the cyclops.
The cyclops looks even sicker.
Flame seeps out of the cyclops.
The cyclops looks as sick as possible!
Flame seeps out of the cyclops.
The cyclops is engulfed in poison gas.
The cyclops looks as sick as possible!
Flame seeps out of the cyclops.
Casting: Olgreb's Toxic Radiance (dangerous; 2% risk of failure)
Confirm with . or Enter, or press ? or * to list all spells.
You feel a surge of power!
Your toxic radiance grows in intensity.
Flame seeps out of the cyclops.
The cyclops looks as sick as possible!
Flame seeps out of the cyclops. x2
A troll comes into view.
The cyclops is engulfed in poison gas.
The cyclops looks as sick as possible!
Flame seeps out of the cyclops.
The cyclops throws a large rock.
The large rock hits you!
You die...

§#)§§○ ## ☼§○°☼.##.§
☼§.#○§☼.§# #
.§○°§○§○.# .##
☼........###§○#
☼§§.○☼§§○☼.§☼.#
○☼☼°☼#§...§#§#
○○○§§§○♣☼☼§.##
○○§☼§§§☼.☼☼☼.#
§§.§...§§##○###
☼§..##○☼§○.##.##
..○..○○°)○☼....## ##
§☼..§°C(§§○°..#.##.#.
°....°§☼§.°.....<....
.....§☼§☼§T☼§....#
..........)...#..##


You could see a cyclops (inner flame, extremely poisoned) and a troll.

Vanquished Creatures
  2 ogre magi (Orc:2)
  7 two-headed ogres
  2 deep trolls (Orc:2)
  An ugly thing (D:9)
  A cyclops (Orc:2)
  3 kobold blastminers (Orc:2)
  Joseph (D:10)
  An unseen horror zombie (D:8)
  7 trolls
  2 hornets (D:9)
  Prince Ribbit (D:5)
  Grinder (D:3)
  18 yaks
  A vampire (D:9)
  4 wyverns
  A warg (D:10)
  2 steam dragons (D:9)
  3 water moccasins
  2 ice beasts (D:7)
  10 orc warriors
  2 black bears
  An elephant zombie (D:8)
  2 sky beasts
  15 ogres
  3 centaurs
  A phantom (D:4)
  A kobold brigand (D:8)
  5 bullfrogs
  3 scorpions
  A wyvern zombie (D:8)
  11 wights
  4 killer bees (D:10)
  5 howler monkeys
  3 centaur zombies (D:8)
  3 bombardier beetles
  2 hounds
  2 human zombies (D:8)
  14 orc priests
  Crazy Yiuf (D:3)
  A jelly (D:6)
  A sleepcap (D:8)
  2 scorpion zombies (D:8)
  2 hell rats (D:7)
  8 iguanas
  12 orc wizards
  Terence (D:3)
  3 killer bee zombies (D:8)
  An ogre zombie (D:8)
  3 hound zombies (D:8)
  Robin (D:2)
  5 howler monkey zombies (D:8)
  9 gnolls
  2 adders
  9 river rats (D:7)
  4 ufetubi (D:6)
  An adder zombie (D:8)
  A ribbon worm (D:2)
  2 dart slugs
  58 orcs
  8 endoplasms
  7 giant cockroaches
  17 goblins
  14 hobgoblins
  10 jackals
  13 quokkas
  8 ball pythons
  5 bats
  6 frilled lizards
  24 kobolds
  21 rats
408 creatures vanquished.

Vanquished Creatures (others)
  An orc wizard (Orc:1)
1 creature vanquished.

Grand Total: 409 creatures vanquished

Notes
Turn   | Place    | Note
-------+----------+-------------------------------------------
     0 | D:1      | Oneirical the Felid Alchemist began the quest for the Orb.
     0 | D:1      | Reached XP level 1. HP: 9/9 MP: 4/4
    34 | D:1      | Reached skill level 1 in Conjurations
   229 | D:1      | Reached XP level 2. HP: 13/13 MP: 4/6
   742 | D:1      | Reached XP level 3. HP: 16/16 MP: 4/8
  1669 | D:2      | Reached XP level 4. HP: 21/21 MP: 6/9
  1669 | D:2      | Gained a life (2 lives remaining)
  1674 | D:2      | Learned a level 4 spell: Olgreb's Toxic Radiance
  1756 | D:2      | Noticed Robin
  1769 | D:2      | Killed Robin
  2641 | D:3      | Noticed Terence
  2658 | D:3      | Killed Terence
  2886 | D:3      | Found a runed translucent door.
  2887 | D:3      | Noticed Crazy Yiuf
  2936 | D:3      | Noticed Grinder
  2945 | D:3      | Gained mutation: You are frail. (-10% HP) [potion of
                  | mutation]
  2945 | D:3      | Gained mutation: You are partially covered in iridescent
                  | scales. (AC +2) [potion of mutation]
  2946 | D:3      | Paralysed by Grinder for 2 turns
  3096 | D:3      | Reached XP level 5. HP: 14/21 MP: 6/11
  3629 | D:3      | Killed Crazy Yiuf
  3724 | D:4      | Killed from afar by an orc wizard
  3724 | D:4      | Lost a life (1 life remaining)
  3876 | D:4      | Succumbed to poison
  3876 | D:4      | Lost a life (0 lives remaining)
  3880 | D:4      | Reached skill level 5 in Alchemy
  3880 | D:4      | Gained mutation: You are covered in thick fur. (AC +2)
                  | [Felid growth]
  3880 | D:4      | Reached XP level 6. HP: 25/25 MP: 11/13
  3930 | D:4      | Found a runed translucent gate.
  3931 | D:4      | Found a runed translucent gate.
  3933 | D:4      | Found a runed translucent gate.
  3933 | D:4      | Noticed THTSBRD's ghost (amateur FoHu)
  3991 | D:4      | Found a roughly hewn altar of Beogh.
  4144 | D:4      | Noticed a water moccasin
  4162 | D:4      | Killed a water moccasin
  4169 | D:4      | Learned a level 4 spell: Sticky Flame
  4310 | D:4      | Reached XP level 7. HP: 17/28 MP: 0/14
  4310 | D:4      | Gained a life (1 life remaining)
  4416 | D:3      | Killed Grinder
  4417 | D:3      | Reached skill level 1 in Fire Magic
  4918 | D:5      | Entered Level 5 of the Dungeon
  4926 | D:5      | Reached skill level 5 in Spellcasting
  4990 | D:5      | Noticed a wyvern
  5082 | D:5      | Killed a wyvern
  5083 | D:5      | Reached XP level 8. HP: 32/32 MP: 5/16
  5534 | D:5      | Got the Tractate on Frigorific Nephomancy
  5664 | D:5      | Found a broken altar of Ashenzari.
  5664 | D:5      | Found a shimmering blue altar of Sif Muna.
  5700 | D:5      | Noticed Prince Ribbit
  5720 | D:5      | Became a worshipper of Sif Muna the Loreminder
  5746 | D:5      | Killed Prince Ribbit
  6206 | D:6      | Found a glowing silver altar of Zin.
  6207 | D:6      | Found a hazy altar of Hepliaklqana.
  6210 | D:6      | Found a glowing golden altar of the Shining One.
  6253 | D:6      | Found a staircase to the Ecumenical Temple.
  6266 | Temple   | Entered the Ecumenical Temple
  6906 | D:6      | Reached * piety under Sif Muna
  7578 | D:7      | Found a transporter.
  7589 | D:7      | Noticed NotBatman's ghost (novice OpFi)
  7610 | D:7      | Killed from afar by an orc priest
  7610 | D:7      | Lost a life (0 lives remaining)
  7611 | D:7      | Reached XP level 9. HP: 35/35 MP: 19/19
  7786 | D:7      | Reached skill level 5 in Fire Magic
  7786 | D:7      | Reached skill level 1 in Invocations
  7927 | D:7      | Found a flagged portal.
  7988 | Bailey   | Entered a bailey
  8193 | Bailey   | Reached ** piety under Sif Muna
  8200 | Bailey   | Reached skill level 5 in Invocations
  8571 | D:7      | Found a transporter.
  8613 | D:7      | Identified the +3 leather armour of the First Snow {rF+
                  | rCorr Int-5}
  8651 | D:7      | Reached skill level 3 in Dodging
  8658 | D:7      | Reached skill level 1 in Fighting
  8974 | D:7      | Reached skill level 4 in Dodging
  9344 | D:7      | Reached *** piety under Sif Muna
  9710 | D:8      | Reached skill level 5 in Dodging
  9710 | D:8      | Reached XP level 10. HP: 35/44 MP: 1/21
  9710 | D:8      | Gained a life (1 life remaining)
 10052 | D:8      | Found a basalt altar of Yredelemnul.
 10288 | D:8      | Found an iron altar of Okawaru.
 10556 | D:8      | Reached **** piety under Sif Muna
 10621 | D:8      | Found a stormy altar of Qazlal.
 10698 | D:8      | Lost mutation: You are frail. (-10% HP) [potion of
                  | mutation]
 10698 | D:8      | Lost mutation: You are partially covered in iridescent
                  | scales. (AC +2) [potion of mutation]
 10698 | D:8      | Gained mutation: You are weak. (Str -2) [potion of
                  | mutation]
 10698 | D:8      | Gained mutation: You are partially covered in iridescent
                  | scales. (AC +2) [potion of mutation]
 10706 | D:8      | Reached skill level 6 in Dodging
 11051 | D:8      | Found a basalt altar of Yredelemnul.
 11097 | D:8      | Reached skill level 7 in Dodging
 11735 | D:9      | Noticed a purple ugly thing
 11746 | D:9      | Killed a purple ugly thing
 11747 | D:9      | Reached skill level 5 in Fighting
 11977 | D:9      | Found a staircase to the Lair.
 11998 | D:9      | Reached skill level 8 in Dodging
 12166 | D:9      | HP: 1/53 [yak (11)]
 12168 | D:9      | Mangled by a yak
 12168 | D:9      | Lost a life (0 lives remaining)
 12170 | D:9      | Reached XP level 11. HP: 56/56 MP: 24/24
 12954 | D:9      | Found a sacrificial altar of Ru.
 13031 | D:9      | Noticed a two-headed ogre
 13046 | D:9      | Killed a two-headed ogre
 13245 | D:10     | Entered Level 10 of the Dungeon
 13336 | D:10     | Reached skill level 9 in Dodging
 13553 | D:10     | Found a staircase to the Orcish Mines.
 13564 | D:10     | Reached ***** piety under Sif Muna
 14056 | D:10     | Noticed Joseph
 14067 | D:10     | Killed Joseph
 14458 | D:10     | Noticed a lindwurm
 14473 | D:10     | Noticed a lindwurm
 14474 | D:10     | Noticed a lindwurm
 14522 | Orc:1    | Entered Level 1 of the Orcish Mines
 14737 | Orc:1    | You fall into a shaft and drop 1 floor!
 14737 | Orc:2    | Entered Level 2 of the Orcish Mines
 14739 | Orc:2    | Noticed an ogre mage
 14744 | Orc:2    | Found Xuterek's Antique Armour Emporium.
 14745 | Orc:2    | Noticed a two-headed ogre
 14745 | Orc:2    | Noticed a two-headed ogre
 14745 | Orc:2    | Noticed a two-headed ogre
 14747 | Orc:2    | Reached skill level 1 in Ice Magic
 14747 | Orc:2    | Reached skill level 1 in Earth Magic
 14747 | Orc:2    | Noticed a deep troll
 14748 | Orc:2    | Noticed a deep troll
 14748 | Orc:2    | Noticed an ogre mage
 14749 | Orc:2    | Noticed a two-headed ogre
 14749 | Orc:2    | Noticed a two-headed ogre
 14750 | Orc:2    | Reached skill level 10 in Dodging
 14751 | Orc:2    | Noticed a two-headed ogre
 14752 | Orc:2    | Noticed a two-headed ogre
 14753 | Orc:2    | Killed a two-headed ogre
 14754 | Orc:2    | Killed a two-headed ogre
 14755 | Orc:2    | Gained mutation: Your thick and shaggy fur keeps you warm.
                  | (AC +3, rC+) [Felid growth]
 14755 | Orc:2    | Reached XP level 12. HP: 40/63 MP: 13/26
 14755 | Orc:2    | Killed a two-headed ogre
 14756 | Orc:2    | Killed an ogre mage
 14758 | Orc:2    | Killed an ogre mage
 14758 | Orc:2    | Killed a two-headed ogre
 14759 | Orc:2    | Reached skill level 5 in Ice Magic
 14759 | Orc:2    | Reached skill level 5 in Earth Magic
 14761 | Orc:2    | Killed a two-headed ogre
 14768 | Orc:2    | Killed a two-headed ogre
 14780 | Orc:2    | Hit by a large rock thrown by a cyclops

Illustrated notes

Levels and vault maps discovered:
D:1:      lightli_arrival_statue_moat, layout_basic
D:2:      layout_loops_ring, uniq_robin
D:3:      layout_loops_ring, uniq_terence, uniq_grinder, uniq_crazy_yiuf_cottage
D:4:      layout_cave_pools, biasface_ghost_orc_armoury
D:5:      layout_cave_pods, gammafunk_temple_overflow_statue,
          uniq_prince_ribbit1
D:6:      layout_loops_ring, grunt_temple_overflow_open,
          minmay_temple_entry_junction_2, serial_rivers,
          chequers_serial_rivers_room_b, chequers_serial_rivers_micro_c,
          chequers_serial_rivers_large_b, chequers_serial_rivers_room_b,
          chequers_serial_rivers_large_a, chequers_serial_rivers_micro_d,
          kb_lookout_dungeons_type
D:7:      lemuel_ratsnest, layout_basic, gammafunk_ghost_stat_death,
          enter_bailey_5
D:8:      corexii_shack_village, layout_layer_cave, okawaru_ov_weapons_minmay,
          nicolae_yredelemnul_corpse_copse, nicolae_qazlal_beasts_of_the_sky,
          roadster_capsule_ark_zombie
D:9:      layout_roguey, mainiacjoe_overflow_boulevard, minmay_lair_entry_grove
D:10:     layout_roguey, erik_orc_4, minmay_lindwurm_lava, uniq_joseph
Temple:   cyrus_circular_temple
Orc:1:    layout_diamond_mine
Orc:2:    st_orc_open, layout_caves, basic_altar, serial_shops, statue_bzr,
          ebering_ghost_reflecting_pool

Skill      XL: |  1  2  3  4  5  6  7  8  9 10 11 12 |
---------------+-------------------------------------+-----
Conjurations   | 1 |  1.0
Alchemy        | 3 4 5 7 8 |  8.0
Spellcasting   | 3 4 5 6 8 9 |  9.0
Fire Magic     | 2 4 5 |  5.0
Invocations    | 6 8 |  8.0
Dodging        | 5 8 10 | 10.0
Fighting       | 3 5 7 |  7.0
Ice Magic      | 3 6 |  6.3
Earth Magic    | 3 6 |  6.3
Stealth        | |  2.6

Action                     |  1- 3 |  4- 6 |  7- 9 | 10-12 || total
---------------------------+-------+-------+-------+-------++-------
  Melee: Unarmed           |    12 |     8 |    67 |    75 ||   162
         Bite              |     1 |       |     9 |    15 ||    25
         Punch             |       |       |     1 |     2 ||     3
   Cast: Sting             |    85 |   133 |    48 |     7 ||   273
         Olgreb's Toxic Ra |       |     6 |    53 |    66 ||   125
         Sticky Flame      |       |       |    25 |    66 ||    91
 Invoke: Channel Magic     |       |       |     1 |     4 ||     5
  Evoke: Wand              |       |       |     3 |     4 ||     7
         Gell's gravitambo |       |       |       |     3 ||     3
         Phantom mirror    |       |       |       |     1 ||     1
    Use: Potion            |     1 |     5 |       |     9 ||    15
         Scroll            |       |     4 |     2 |    11 ||    17
   Stab: Paralysed         |       |       |    11 |       ||    11
 Armour: Skin              |    12 |    52 |    63 |   108 ||   235
  Dodge: Dodged            |    44 |    65 |   124 |   213 ||   446

Table legend: (Time is in decaauts)
 A = Elapsed time spent in this place.
 B = Non-inter-level travel time spent in this place.
 C = Inter-level travel time spent in this place.
 D = Time resting spent in this place.
 E = Time spent auto-exploring this place.
 F = Levels seen in this place.
 G = Mean time per level.
                   A        B        C        D        E       F      G
               +--------+--------+--------+--------+--------+-----+--------+
         Total |  14844 |  14474 |    370 |    664 |  11615 |  14 | 1060.3 |
       Dungeon |  14073 |  13704 |    369 |    664 |  11101 |  10 | 1407.3 |
        Temple |      1 |      1 |      0 |      0 |      0 |   1 |    1.0 |
  Orcish Mines |    256 |    256 |      0 |      0 |    196 |   2 |  128.0 |
        Bailey |    513 |    513 |      0 |      0 |    318 |   1 |  513.0 |
               +--------+--------+--------+--------+--------+-----+--------+

Top non-repeatable levels by time:
     D:8: 2303 daAuts
     D:3: 1671 daAuts
     D:7: 1570 daAuts
     D:6: 1473 daAuts
    D:10: 1285 daAuts
     D:9: 1251 daAuts
     D:5: 1181 daAuts
     D:2: 1141 daAuts
     D:1: 1106 daAuts
     D:4: 1088 daAuts
  Bailey: 513 daAuts
   Orc:1: 214 daAuts
   Orc:2: 41 daAuts
  Temple: 1 daAuts
